 Dungeon Sprint DCSS version 0.23.0-28-g6fe0f4d (webtiles) character file.

Game seed: 2716752294126123516

1570 Fang the Fighter (level 8, -1/61 HPs)
             Began as a Gargoyle Berserker on Feb 25, 2019.
             Was a Priest of Trog.
             Slain by a merfolk
             ... wielding a +0 trident
              (8 damage)
             ... in the Dungeon (Sprint V: "Ziggurat Sprint").
             The game lasted 00:01:03 (462 turns).

Fang the Fighter (Gargoyle Berserker)                Turns: 462, Time: 00:01:04

Health: -1/61      AC: 36    Str: 36    XL:     8   Next: 90%
Magic:  8/8        EV: 13    Int:  7    God:    Trog [***...]
Gold:   0          SH:  0    Dex:  9    Spells: 7/7 levels left

rFire    . . .     SeeInvis .   k - +5 executioner's axe
rCold    . . .     Gourm    .   (shield currently unavailable)
rNeg     + . .     Faith    .   j - +15 Maxwell's patent armour {-Cast -Tele rElec MR+ rCorr}
rPois    ∞         Spirit   .   (no helmet)
rElec    +         Reflect  .   (no cloak)
rCorr    +         Harm     .   (no gloves)
MR       +....     NoTele   +   (no boots) Stlth ..........NoCast +
                                (no amulet)
HPRegen  0.20/turn              D - +6 ring of strength
MPRegen  0.11/turn              E - +6 ring of strength

@: berserk cooldown, slowed, very slow
A: negative energy resistance 1, electricity resistance, unbreathing,
petrification resistance, rot immunity, AC +5
a: Berserk, Trog's Hand, Renounce Religion


You were in the Dungeon.
You worshipped Trog.
Trog was most pleased with you.
You were hungry.

You visited 1 branch

Inventory:

Hand Weapons
 k - a +5 executioner's axe (weapon)
Armour
 j - the +15 Maxwell's patent armour (worn) {-Cast -Tele rElec MR+ rCorr}
   (You found it in the Dungeon)

   It insulates you from electricity.
   It affects your resistance to hostile enchantments.
   It prevents spellcasting.
   It prevents most forms of teleportation.
   It provides partial protection from all sources of acid and corrosion.
Jewellery
 D - a +6 ring of strength (left hand)
 E - a +6 ring of strength (right hand)
Wands
 w - a wand of disintegration (7)
 x - a wand of iceblast (7)
 y - a wand of acid (7)
Scrolls
 i - 4 scrolls of blinking
 l - 7 scrolls of fog
 m - a scroll of holy word
 n - 5 scrolls of identify
 o - 5 scrolls of remove curse
 p - 2 scrolls of fear
Potions
 d - 10 potions of curing
 e - 10 potions of heal wounds
 f - 6 potions of haste
 g - 7 potions of magic
 h - 3 potions of berserk rage
 q - 2 potions of brilliance
 r - 2 potions of invisibility
 s - 4 potions of resistance
 t - a potion of experience
 u - 5 potions of agility
 v - 5 potions of might
Comestibles
 a - 2 chunks of flesh
 c - 7 rations


   Skills:
 + Level 12.3 Fighting
   Level 3.0 Maces & Flails
 + Level 12.2 Armour
 + Level 9.6 Dodging


You had 7 spell levels left.
You didn't know any spells.
Your spell library was empty.

Dungeon Overview and Level Annotations

Branches:
Dungeon (1/1)

Altars:
Ashenzari
Cheibriados
Dithmenos
Elyvilon
Fedhas
Gozag
Hepliaklqana
Kikubaaqudgha
Makhleb
Nemelex Xobeh
Okawaru
Qazlal
Ru
Sif Muna
Trog
Uskayaw
Vehumet
Wu Jian
Xom
Yredelemnul
Zin
The Shining One
Beogh
Jiyva
Lugonu

Annotations:
D 1 transporter


Innate Abilities, Weirdness & Mutations

You are resistant to torment.
Your stone body is resilient. (AC +5)
You are immune to poison.
You resist negative energy. (rN+)
You are resistant to electric shocks. (rElec)
You can survive without breathing.
You are immune to petrification.
You are immune to rotting.


Message History

The merfolk closely misses you. The merfolk hits you with a +0 trident.
* * * LOW HITPOINT WARNING * * *
The merfolk hits you but does no damage. x4
You barely miss the merfolk.
The merfolk is moderately wounded.
You slash the merfolk! x2; The merfolk barely misses you.
The merfolk hits you but does no damage. x2
The merfolk barely misses you.
The merfolk hits you but does no damage.
The merfolk hits you with a +0 trident.
* * * LOW HITPOINT WARNING * * *
The merfolk hits you but does no damage.
The merfolk closely misses you.
The merfolk hits you but does no damage.
You slice the merfolk!!
The merfolk is severely wounded.
You closely miss the merfolk. x2
The merfolk hits you but does no damage. x2
The merfolk hits you with a +0 trident!
You die...

▓.....▓.....▓..†..▓
▓.÷÷..▓.....▓..©..▓
▓..©..▓..©..▓▓▓▓▓▓▓
▓▓▓▓▓▓▓▓▓▓▓▓▓▓
▓..8©8...▓
▓..).:...▓
▓...)....▓
▓..mmm...▓
▓...@....▓
▓........▓
▓...©....▓
▓▓▓▓▓▓▓▓▓▓


You could see 3 merfolk.

Vanquished Creatures
  3 draconians (D)
  A merfolk (D)
  A hell hound (D)
  A porcupine (D)
  An iguana (D)
  2 jackals (D)
  A fire vortex (D)
10 creatures vanquished.

Notes
Turn   | Place    | Note
-------+----------+-------------------------------------------
     0 | D        | Found the +6 Majin-Bo {vamp, Archmagi MP+6 Int+6}
     0 | D        | Found the +7 great mace "Firestarter" {inner flame, rF++}
     0 | D        | Fang the Gargoyle Berserker began the quest for the Orb.
     0 | D        | Reached XP level 1. HP: 14/14 MP: 1/1
     0 | D        | Found a blossoming altar of Fedhas.
     1 | D        | Found a transporter.
     1 | D        | Found a viscous altar of Jiyva.
     1 | D        | Found an ancient bone altar of Kikubaaqudgha.
     1 | D        | Found a hazy altar of Hepliaklqana.
     1 | D        | Found a corrupted altar of Lugonu.
     1 | D        | Found an opulent altar of Gozag.
     1 | D        | Found a burning altar of Makhleb.
    11 | D        | Found a stormy altar of Qazlal.
    11 | D        | Found an iron altar of Okawaru.
    11 | D        | Found a sacrificial altar of Ru.
    11 | D        | Found a sparkling altar of Nemelex Xobeh.
    11 | D        | Found a deep blue altar of Sif Muna.
    11 | D        | Found a bloodstained altar of Trog.
    17 | D        | Found the +9 heavy crossbow "Sniper" {velocity, Acc+∞ SInv}
    17 | D        | Found the +10 dark maul {crush}
    17 | D        | Found the +15 Maxwell's patent armour {-Cast -Tele rElec
                  | MR+ rCorr}
    17 | D        | Found the +18 shield of the Gong {rElec rN+ MR+ EV-5}
    17 | D        | Found the cursed +14 obsidian axe {chop, +Fly SInv *Curse}
    78 | D        | Entered arena 2.
    78 | D        | Noticed a hell hound
    78 | D        | Found a transporter.
    84 | D        | Killed a hell hound
    84 | D        | Reached XP level 2. HP: 23/23 MP: 2/2
    84 | D        | Reached XP level 3. HP: 28/28 MP: 3/3
    84 | D        | Reached XP level 4. HP: 32/32 MP: 4/4
   233 | D        | Entered arena 3.
   233 | D        | Noticed a draconian
   233 | D        | Noticed a draconian
   233 | D        | Noticed a draconian
   233 | D        | Found a transporter.
   242 | D        | Killed a draconian
   242 | D        | Reached XP level 5. HP: 42/42 MP: 5/5
   242 | D        | Reached XP level 6. HP: 48/48 MP: 6/6
   242 | D        | Reached XP level 7. HP: 52/52 MP: 7/7
   260 | D        | Killed a draconian
   260 | D        | Reached ** piety under Trog
   260 | D        | Reached skill level 10 in Armour
   260 | D        | Reached XP level 8. HP: 22/60 MP: 8/8
   263 | D        | Killed a draconian
   420 | D        | Entered arena 4.
   420 | D        | Found a transporter.
   423 | D        | Reached *** piety under Trog
   442 | D        | Entered arena 5.
   442 | D        | Noticed a merfolk
   442 | D        | Noticed a merfolk
   442 | D        | Noticed a merfolk
   442 | D        | Noticed a merfolk
   442 | D        | Found a transporter.
   443 | D        | Identified the cursed +3 hunting sling of the Special Yaks
                  | {flame, Str+4 Int+2 Stlth+}
   458 | D        | Killed a merfolk
   462 | D        | Slain by a merfolk

Skill      XL: |  1  2  3  4  5  6  7  8 |
---------------+-------------------------+-----
Fighting       | 6 9 11 12 | 12.3
Armour         | 6 9 10 12 | 12.2
Dodging        | 4 7 8 9 |  9.6
Maces & Flails | |  3.0

Action                   |  1- 3 |  4- 6 |  7- 9 || total
-------------------------+-------+-------+-------++-------
Melee: Executioner's axe |     5 |     8 |    35 ||    48
Invok: Berserk           |     1 |     1 |     1 ||     3
  Eat: Chunk             |       |       |     1 ||     1
Armor: Plate armour      |     5 |    11 |    89 ||   105
Dodge: Dodged            |     3 |     8 |    56 ||    67
